cohdb
Replays
Latest Replays
All Replays
Popular Replays
Top Player Replays
Match Explorer
How It Works
Community
CoH3 Stats
Reddit
Sign in to upload your games and track your stats! →
Sign in with Steam
Match 41210351
Unlisted
Match 41210351
Overview
Messages
Build Orders
End
Kradschützen Motorcycle Team
Panzergrenadier Squad
Selects Armored Support Battlegroup
Panzergrenadier Squad
250 Light Carrier
Construct Light Support Kompanie
Fire Support Elements
Vehicle Survival Package
Flakvierling Half-track
Combat Half-tracks
Selects Veteran Gunners
Tungsten Core Ammunition
Pak 38 Mechanized Group
Construct Mechanized Kompanie
StuG III D Assault Gun
Rapid Advance
Selects Salvage Kits
Selects Panzer Storm
Emergency Repair Kits
Construct Panzerarmee Kommand
(502) Bad Gateway
Crynopoly
0
0
Comments
sign in to comment!
No comments posted yet!